 Seeded DCSS version 0.29-a0-885-gb26ba3297d (webtiles) character file.

Game seed: 3647370799248109839 (custom seed)

1433 mathmaestro the Merchant of Misery (level 8, -7/61 HPs)
             Began as a Demonspawn Necromancer on July 20, 2022.
             Was a Believer of Kikubaaqudgha.
             Mangled by a gnoll sergeant
             ... wielding a +1 spear of venom
              (11 damage)
             ... on level 6 of the Dungeon.
             The game lasted 00:16:51 (7094 turns).

mathmaestro the Merchant of Misery (DsNe)           Turns: 7094, Time: 00:16:54

Health: -7/61      AC:  9    Str:  8    XL:     8   Next: 45%
Magic:  9/15       EV: 11    Int: 18    God:    Kikubaaqudgha [**....]
Gold:   406        SH:  0    Dex: 15    Spells: 6/16 levels left

rFire   . . .      SeeInvis .   o - +7 hammer "Detwe Coli" {pain, rC+}
rCold   + . .      Faith    .   (no shield)
rNeg    . . .      Spirit   .   m - +0 leather armour
rPois   .          Reflect  .   j - +0 helmet
rElec   .          Harm     .   p - +0 cloak
rCorr   .          Rampage  .   (no gloves)
Will    +....                   d - +0 pair of boots
Stlth   ++........              (no amulet)
HPRegen 0.20/turn               e - ring of wizardry
MPRegen 0.28/turn               r - ring of willpower

@: animating dead
A: slimy green scales 1, powered by death 1, magic regeneration
a: Renounce Religion, Unearth Wretches


You were on level 6 of the Dungeon.
You worshipped Kikubaaqudgha.
Kikubaaqudgha was pleased with you.
You visited 2 branches of the dungeon, and saw 7 of its levels.
You also visited: Sewer.

You collected 406 gold pieces.

Inventory:

Hand Weapons
 i - a +1 hand axe
 o - the +7 hammer "Detwe Coli" (weapon) {pain, rC+}
   (You found it on level 3 of the Dungeon)

   In the hands of one skilled in necromantic magic, it inflicts extra damage on
   living creatures.
   rC:        It protects you from cold.
Armour
 d - a +0 pair of boots (worn)
 j - a +0 helmet (worn)
 m - a +0 leather armour (worn)
 p - a +0 cloak (worn)
Jewellery
 e - a ring of wizardry (left hand)
 r - a ring of willpower (right hand)
Scrolls
 k - a scroll of silence
 n - a scroll of amnesia
 q - 4 scrolls of teleportation
Potions
 a - 2 potions of curing
 b - 2 potions of magic
 f - 3 potions of might
 g - a potion of cancellation {unknown}
 h - a potion of brilliance {unknown}
 l - 3 potions of lignification
 s - a potion of heal wounds {unknown}
 t - 2 potions of haste {unknown}
 u - a potion of berserk rage {unknown}
 z - a potion of invisibility


   Skills:
 + Level 4.6 Fighting
 + Level 3.3 Maces & Flails
 + Level 3.8 Armour
 - Level 2.0 Dodging
 - Level 2.0 Stealth
 + Level 4.8 Spellcasting
 + Level 7.0 Necromancy


You had 6 spell levels left.
You knew the following spells:

 Your Spells              Type           Power      Damage    Failure   Level
a - Necrotise             Necr           100%       1d9       1%          1
b - Vampiric Draining     Necr           29%        2d8       1%          3
c - Animate Dead          Necr           29%        N/A       4%          4
d - Sublimation of Blood  Necr           29%        N/A       1%          2

Your spell library contained the following spells:

 Spells                   Type           Power      Damage    Failure   Level
 Sting                    Tmut/Pois      16%        1d3       8%          1
 Poisonous Vapours        Pois/Air       8%         N/A       12%         2
 Agony                    Necr           29%        N/A       12%         5
 Anguish                  Hex/Necr       8%         N/A       17%         4
 Dazzling Flash           Conj/Hex       8%         N/A       22%         3
 Ignite Poison            Fire/Tmut/Pois 4%         N/A       22%         3
 Mephitic Cloud           Conj/Pois/Air  4%         N/A       22%         3
 Iskenderun's Mystic Bla  Conj/Tloc      4%         2d3       56%         4
 Olgreb's Toxic Radiance  Pois           4%         N/A       56%         4
 Freezing Cloud           Conj/Ice/Air   2%         6-21      88%         5
 Conjure Ball Lightning   Conj/Air       2%         3x3d6     100%        6
 Starburst                Conj/Fire      2%         6d3       100%        6
 Discord                  Hex            2%         N/A       100%        8
 Disjunction              Tloc           2%         N/A       100%        8


Dungeon Overview and Level Annotations

Branches:
Dungeon (6/15)             Temple (1/1) D:5           Sewer (visited)

Altars:
Ashenzari
Cheibriados
Fedhas
Hepliaklqana
Kikubaaqudgha
Nemelex Xobeh
Qazlal
Ru
Sif Muna
Wu Jian
Yredelemnul

Shops:
D:2 (

Annotations:
D:3 Sigmund


Innate Abilities, Weirdness & Mutations

You are partially covered in slimy green scales. (AC +2)
You regenerate a little health from kills.
You regenerate magic rapidly.


Message History

You feel very sick. Something hits you but does no damage.
The gnoll sergeant hits you with a +1 spear of venom!
* * * LOW HITPOINT WARNING * * *
You are lethally poisoned!
Things that are here:
a +0 whip; 5 stones; a yellow potion
Casting: Animate Dead (dangerous; 4% risk of failure)
Confirm with . or Enter, or press ? or * to list all spells.
Aiming: Vampiric Draining (safe; 1% risk of failure)
Press: ? - help, Shift-Dir - straight line, f - gnoll sergeant
Aim: a gnoll sergeant, wielding a +1 spear of venom and wearing a +0 ring mail (ally target)
You draw life force from the gnoll sergeant!
You feel life coursing into your body!
* * * LOW HITPOINT WARNING * * *
You feel extremely sick. Something hits you.
* * * LOW HITPOINT WARNING * * *
The gnoll sergeant completely misses you.
Casting: Vampiric Draining (safe; 1% risk of failure)
Confirm with . or Enter, or press ? or * to list all spells.
Aiming: Vampiric Draining (safe; 1% risk of failure)
Press: ? - help, Shift-Dir - straight line, f/p - gnoll sergeant
Aim: a gnoll sergeant, wielding a +1 spear of venom and wearing a +0 ring mail (heavily wounded, ally target)
You draw life force from the gnoll sergeant!
You feel life coursing into your body.
* * * LOW HITPOINT WARNING * * *
You feel very sick.
Your gnoll zombie hits something but does no damage.
Something hits you but does no damage.
The gnoll sergeant hits you with a +1 spear of venom!
* * * LOW HITPOINT WARNING * * *
Unknown command.
You feel better.
Your gnoll zombie barely misses something.
Something hits you!
* * * LOW HITPOINT WARNING * * *
The gnoll sergeant hits you with a +1 spear of venom!
You die...
Kikubaaqudgha rasps: "You have failed me!
Welcome... death!"

###.#..........##.##...##
###..........##........
#....................
##...................
###..............P..PP
#.....................
#...............P...P.
#..##Z)............P..
###*#@{...............
*****#..g...........P....
**,,,*#........#.......P.P
******,,,,#.........##....P..,,
**,,,***,,....................,,
*,,,,,,,,..............,,,,,,,*,
***,,,,,,...............,,,,,,***
*,,,,,,,*....#..........<,,,,,,*,
*,,,,,,,*,,,,*,,,*,,,,,,,,,,,,,,,


You could see a gnoll sergeant (ally target) and a friendly gnoll zombie.

Vanquished Creatures
  2 sky beasts (D:4)
  A black bear (D:5)
  2 ogres (D:5)
  2 bullfrogs (Sewer)
  3 scorpions
  A necrophage (D:5)
  A hound (D:5)
  Crazy Yiuf (D:3)
  A gnoll bouda (D:6)
  3 iguanas
  3 orc wizards
  2 gnolls (D:6)
  13 adders
  3 river rats (Sewer)
  8 worms
  2 dart slugs
  9 orcs
  6 bats
  7 endoplasms
  5 giant cockroaches
  7 goblins
  9 hobgoblins
  5 kobolds
  6 quokkas
  24 ball pythons
  7 frilled lizards
  17 rats
150 creatures vanquished.

Vanquished Creatures (collateral kills)
  A necrophage (D:5)
  A dart slug (D:1)
  An endoplasm (Sewer)
  A goblin (D:1)
  5 ball pythons (Sewer)
  8 rats
17 creatures vanquished.

Vanquished Creatures (others)
  A gnoll zombie (D:6)
  2 ball python zombies (Sewer)
  A frilled lizard zombie (Sewer)
  3 orc zombies
  10 plants (D:6)
17 creatures vanquished.

Grand Total: 184 creatures vanquished

Notes
Turn   | Place    | Note
-------+----------+-------------------------------------------
     0 | D:1      | mathmaestro the Demonspawn Necromancer began the quest for
                  | the Orb.
     0 | D:1      | Reached XP level 1. HP: 13/13 MP: 3/3
   108 | D:1      | Found a faded altar of an unknown god.
   140 | D:1      | Gained mutation: You regenerate a little health from kills.
                  | [demonic ancestry]
   140 | D:1      | Reached XP level 2. HP: 20/20 MP: 0/5
   441 | D:1      | Reached skill level 1 in Fighting
   595 | D:1      | Gained mutation: You are partially covered in slimy green
                  | scales. (AC +2) [demonic ancestry]
   595 | D:1      | Reached XP level 3. HP: 26/26 MP: 0/6
  1800 | D:2      | Learned a level 3 spell: Vampiric Draining
  2105 | D:2      | Found Ywaeb's Weapon Shoppe.
  2368 | D:3      | Noticed Sigmund
  2804 | D:3      | Reached XP level 4. HP: 32/33 MP: 1/8
  2809 | D:3      | Learned a level 4 spell: Animate Dead
  2870 | D:3      | Identified the +8 spear "Joqolaomm" {antimagic, rC- Will+
                  | Str+2 Int+5}
  2912 | D:3      | Found a runed translucent door.
  2913 | D:3      | Noticed Crazy Yiuf
  2918 | D:3      | Identified the +7 hammer "Detwe Coli" {pain, rC+}
  2925 | D:3      | Killed Crazy Yiuf
  2926 | D:3      | Reached skill level 5 in Necromancy
  3425 | D:3      | Reached skill level 1 in Armour
  3532 | D:3      | Found an ornate altar of the Wu Jian Council.
  4015 | D:4      | Noticed a sky beast
  4029 | D:4      | Killed a sky beast
  4030 | D:4      | Reached XP level 5. HP: 27/39 MP: 9/9
  4147 | D:4      | Found a snail-covered altar of Cheibriados.
  4278 | D:4      | Noticed a sky beast
  4283 | D:4      | Killed a sky beast
  4284 | D:4      | Reached XP level 6. HP: 46/46 MP: 9/11
  4651 | D:4      | Reached skill level 1 in Maces & Flails
  5054 | D:5      | Entered Level 5 of the Dungeon
  5186 | D:5      | Gained mutation: You regenerate magic rapidly. [demonic
                  | ancestry]
  5186 | D:5      | Reached XP level 7. HP: 36/46 MP: 4/12
  5203 | D:5      | Reached skill level 6 in Necromancy
  5221 | D:5      | Found a staircase to the Ecumenical Temple.
  5859 | D:5      | Reached XP level 8. HP: 58/60 MP: 14/14
  6198 | Temple   | Entered the Ecumenical Temple
  6370 | Temple   | Became a worshipper of Kikubaaqudgha
  6564 | D:6      | Found a glowing drain.
  6572 | Sewer    | Entered a sewer
  6573 | Sewer    | Upgraded the game from 0.29-a0-878-g7b45a56547 to
                  | 0.29-a0-885-gb26ba3297d
  6618 | Sewer    | Reached * piety under Kikubaaqudgha
  6618 | Sewer    | Received a gift from Kikubaaqudgha
  6623 | Sewer    | Learned a level 2 spell: Sublimation of Blood
  6836 | Sewer    | Reached ** piety under Kikubaaqudgha
  7091 | D:6      | Reached skill level 7 in Necromancy
  7094 | D:6      | Mangled by a gnoll sergeant

Illustrated notes

Levels and vault maps discovered:
D:1:      dpeg_arrival_ratfight, layout_basic,
          ebering_ecumenical_altar_abandoned
D:2:      layout_basic, serial_shops, nicolae_shop_statue_plus,
          due_unseen_surprise
D:3:      layout_basic, nicolae_wu_jian_wuxing_cycle, uniq_sigmund,
          uniq_crazy_yiuf_cottage
D:4:      layout_basic, mainiacjoe_overflow_brackets, reono_crystal_passage
D:5:      layout_loops_ring, lemuel_temple_firewalk_b, kennysheep_generic_room_8
D:6:      layout_cave_pools, lightli_sewer_entry_pipes, nicolae_grassy_gnolls
Temple:   chequers_temple_sunken

Skill      XL: |  1  2  3  4  5  6  7  8 |
---------------+-------------------------+-----
Stealth        | 2 |  2.0
Dodging        | 2 |  2.0
Fighting       | 1 2 3 4 |  4.6
Necromancy     | 5 6 7 |  7.0
Armour         | 1 2 3 |  3.8
Spellcasting   | 3 4 |  4.8
Maces & Flails | 1 2 3 |  3.3

Action                   |  1- 3 |  4- 6 |  7- 9 || total
-------------------------+-------+-------+-------++-------
Melee: Dagger            |    17 |       |       ||    17
       Mace              |       |   102 |   163 ||   265
       Punch             |       |     2 |       ||     2
 Cast: Necrotise         |   100 |     7 |     3 ||   110
       Vampiric Draining |       |     5 |     5 ||    10
       Animate Dead      |       |     1 |     4 ||     5
  Use: Scroll            |       |     5 |     6 ||    11
       Potion            |       |       |     1 ||     1
 Stab: Sleeping          |     1 |     4 |     2 ||     7
       Distracted        |       |     1 |     1 ||     2
Armor: Robe              |     7 |       |       ||     7
       Leather armour    |     2 |    57 |   133 ||   192
Dodge: Dodged            |    26 |    60 |   184 ||   270

Table legend: (Time is in decaauts)
 A = Elapsed time spent in this place.
 B = Non-inter-level travel time spent in this place.
 C = Inter-level travel time spent in this place.
 D = Time resting spent in this place.
 E = Time spent auto-exploring this place.
 F = Levels seen in this place.
 G = Mean time per level.
                   A        B        C        D        E       F      G
               +--------+--------+--------+--------+--------+-----+--------+
         Total |   7303 |   6923 |    380 |    805 |   4534 |   8 |  912.9 |
       Dungeon |   6706 |   6337 |    369 |    805 |   4198 |   6 | 1117.7 |
        Temple |    233 |    222 |     11 |      0 |    204 |   1 |  233.0 |
         Sewer |    364 |    364 |      0 |      0 |    130 |   1 |  364.0 |
               +--------+--------+--------+--------+--------+-----+--------+

Top non-repeatable levels by time:
     D:1: 1612 daAuts
     D:3: 1416 daAuts
     D:5: 1179 daAuts
     D:4: 1080 daAuts
     D:2: 997 daAuts
     D:6: 419 daAuts
   Sewer: 364 daAuts
  Temple: 233 daAuts
